 Dungeon Crawl Stone Soup version 0.19.4 (webtiles) character file.

34 Raiden350 the Magician (level 3, -4/21 HPs)
             Began as a High Elf Wizard on Feb 4, 2017.
             Killed from afar by a dart slug (7 damage)
             ... with a slug dart
             ... on level 2 of the Dungeon.
             The game lasted 00:06:02 (676 turns).

Raiden350 the Magician (High Elf Wizard)             Turns: 676, Time: 00:06:02

Health: -4/21      AC:  2    Str:  5 (6)  XL:     3   Next: 14%
Magic:  8/10       EV: 12    Int: 19 (22) God:
Gold:   50         SH:  0    Dex: 11 (14) Spells: 3 memorised, 7 levels left

rFire  . . .     SeeInvis .     e - +1 dagger (venom)
rCold  . . .     Gourm    .     a - +0 robe
rNeg   . . .     Faith    .     (no shield)
rPois  .         Spirit   .     b - +0 hat
rElec  .         Reflect  .     (no cloak)
rCorr  .         Harm     .     (no gloves)
MR     .....                    (no boots)
Stlth  ++........               (no amulet)
                                (no ring)
                                (no ring)

@: very slightly contaminated
A: no striking features
a: no special abilities


You were on level 2 of the Dungeon.
You were not hungry.

You visited 1 branch of the dungeon, and saw 2 of its levels.

You collected 50 gold pieces.

Inventory:

Hand Weapons
 e - a +1 dagger of venom (weapon)
Armour
 a - a +0 robe (worn)
 b - a +0 hat (worn)
Scrolls
 g - 2 scrolls of identify {unknown}
 h - a scroll of fear {unknown}
 i - 2 scrolls of teleportation {unknown}
 j - a scroll of fog {unknown}
Books
 c - a book of Minor Magic

   Spells                             Type                      Level
   a - Magic Dart                     Conjuration                  1
   b - Blink                          Translocation                2
   c - Call Imp                       Summoning                    2
   d - Repel Missiles                 Charms/Air                   2
   e - Slow                           Hexes                        2
   f - Conjure Flame                  Conjuration/Fire             3
   g - Mephitic Cloud                 Conjuration/Poison/Air       3
Comestibles
 d - 2 bread rations
 k - a meat ration


   Skills:
 - Level 2.1 Dodging
 - Level 2.1 Stealth
 + Level 5.0 Spellcasting
 - Level 1.1 Conjurations
   Level 0.8 Summonings
 - Level 1.1 Translocations


You had 7 spell levels left.
You knew the following spells:

 Your Spells              Type           Power        Failure   Level  Hunger
a - Magic Dart            Conj           #...         10%         1    None
b - Blink                 Tloc           N/A          14%         2    #......
c - Slow                  Hex            #.......     21%         2    #......


Dungeon Overview and Level Annotations

Branches:
Dungeon (2/15)

Altars:


Message History

Confirm with . or Enter, or press ? or * to list all spells.
Aiming: Magic Dart
Press: ? - help, Shift-Dir - straight line, f - hobgoblin
Aim: a hobgoblin, wielding a club The magic dart hits the hobgoblin.
The hobgoblin is heavily wounded.
The hobgoblin hits you with a club.
Casting: Magic Dart
Confirm with . or Enter, or press ? or * to list all spells.
Aiming: Magic Dart
Press: ? - help, Shift-Dir - straight line, f/p - hobgoblin
Aim: a hobgoblin, wielding a club (heavily wounded)
You miscast Magic Dart.
You are very lightly contaminated with residual magic.
Nothing appears to happen.
The hobgoblin hits you with a club.
* * * LOW HITPOINT WARNING * * *
Found a golden potion.
The dart slug launches a dart at you. The slug dart hits you!
You die...

.# ! .## ..# #.#
. #.## ..#####..#
... .....%.@.#
.... #......g.##
.... #.........#
.....
........#.##.....
..........w....>#
#.......#..####.
#.......#..#
#########..# # #
###### ##.# ..#


You could see a dart slug and a hobgoblin.

Vanquished Creatures
  An adder (D:2)
  An ooze (D:1)
  A dart slug (D:1)
  A leopard gecko (D:1)
  A giant cockroach (D:1)
  3 goblins (D:1)
  4 hobgoblins (D:1)
  7 frilled lizards (D:1)
19 creatures vanquished.

Notes
Turn   | Place    | Note
-------+----------+-------------------------------------------
     0 | D:1      | Raiden350 the High Elf Wizard began the quest for the Orb.
     0 | D:1      | Reached XP level 1. HP: 11/11 MP: 6/6
   144 | D:1      | Reached skill level 4 in Spellcasting
   150 | D:1      | Reached XP level 2. HP: 17/17 MP: 0/8
   442 | D:1      | Learned a level 2 spell: Blink
   445 | D:1      | Learned a level 2 spell: Slow
   504 | D:2      | Reached skill level 5 in Spellcasting
   504 | D:2      | Reached XP level 3. HP: 12/21 MP: 6/10
   676 | D:2      | Killed from afar by a dart slug

Skill      XL: |  1  2 |
---------------+-------+-----
Spellcasting   | 4 5 |  5.0
Dodging        | |  2.1
Stealth        | |  2.1
Conjurations   | |  1.1
Summonings     | |  0.8
Translocations | |  1.1

Action                   || total
-------------------------++-------
Melee: Dagger            ||    18
       Unarmed           ||     2
 Cast: Magic Dart        ||    30
  Use: Potion            ||     1
Armor: Robe              ||     1
Dodge: Dodged            ||    11
